 Dungeon Sprint DCSS version 0.26.1-11-gd32895ea62 (webtiles) character file.

Game seed: 577585675541316568

7298 Zeld the Peltast (level 10, -4/77 HPs)
             Began as a Minotaur Berserker on June 5, 2021.
             Was the Champion of Trog.
             Slain by a water elemental (9 damage)
             ... in the Dungeon (Sprint V: "Ziggurat Sprint").
             The game lasted 00:04:40 (1852 turns).

Zeld the Peltast (Minotaur Berserker)               Turns: 1852, Time: 00:04:41

Health: -4/77      AC: 20    Str: 33    XL:     10   Next: 89%
Magic:  5/9        EV:  5    Int:  8    God:    Trog [******]
Gold:   0          SH: 28    Dex: 10    Spells: 9/9 levels left

rFire    + . .     SeeInvis +   r - +14 obsidian axe {vorpal, +Fly SInv *Curse} (curse)
rCold    + . .     Faith    .   j - +3 tower shield
rNeg     . . .     Spirit   .   i - +5 crystal plate armour
rPois    .         Reflect  .   (helmet restricted)
rElec    +         Harm     .   E - scarf {rC+ rF+}
rCorr    .         Rampage  .   (no gloves)
Will     .....     Rnd*Rage +   (no boots) Stlth ..........NoTele +
                                y - amulet of Iditwyuph {rElec Regen+ Str+2 Int+4}
HPRegen  0.62/turn              l - +6 ring of strength
MPRegen  0.11/turn              C - ring of see invisible

@: lethally poisoned (-4 -> -49), afraid, engulfed (cannot breathe), mesmerised,
very slow
A: retaliatory headbutt, horns 2, berserk 1, subdued magic 1
a: Renounce Religion, Evoke Flight, Berserk, Trog's Hand, Brothers in Arms


You were in the Dungeon.
You worshipped Trog.
Trog was exalted by your worship.
You visited 1 branch

Inventory:

Hand Weapons
 k - a +5 broad axe of flaming
 r - the cursed +14 obsidian axe (weapon) {vorpal, +Fly SInv *Curse}
   (You found it in the Dungeon)

   It inflicts extra damage upon your enemies.
   It lets you see invisible.
   It lets you fly.
   It curses itself when equipped.
   It has a curse placed upon it.
Armour
 i - a +5 crystal plate armour (worn)
 j - a +3 tower shield (worn)
 E - a scarf of resistance (worn)
Jewellery
 l - a +6 ring of strength (left hand)
 y - the amulet of Iditwyuph (around neck) {rElec Regen+ Str+2 Int+4}
   (You found it in the Dungeon)

   [amulet of regeneration]

   It affects your strength (+2).
   It affects your intelligence (+4).
   It insulates you from electricity.
   It increases your rate of regeneration.
 C - a ring of see invisible (right hand)
Wands
 o - a wand of disintegration (7)
 p - a wand of iceblast (7)
 q - a wand of acid (7)
Scrolls
 h - 4 scrolls of blinking
 t - 7 scrolls of fog
 u - a scroll of holy word
 v - 5 scrolls of identify
 w - 5 scrolls of remove curse
 x - 2 scrolls of fear
Potions
 a - 2 potions of invisibility
 b - 4 potions of resistance
 c - 10 potions of curing
 d - 8 potions of heal wounds
 e - 6 potions of haste
 f - 7 potions of magic
 g - 3 potions of berserk rage
 s - 5 potions of might
Miscellaneous
 n - a lightning rod (4/4)
 z - a phial of floods
 A - a tin of tremorstones (2/2)
 D - a condenser vane


   Skills:
 - Level 3.6 Fighting
 - Level 20.0 Axes
 - Level 2.4 Armour
 - Level 2.1 Dodging
 * Level 20.9 Shields


You had 9 spell levels left.
You didn't know any spells.
Your spell library was empty.

Dungeon Overview and Level Annotations

Branches:
Dungeon (1/1)

Altars:
Ashenzari
Cheibriados
Dithmenos
Elyvilon
Fedhas
Gozag
Hepliaklqana
Kikubaaqudgha
Makhleb
Nemelex Xobeh
Okawaru
Qazlal
Ru
Sif Muna
Trog
Uskayaw
Vehumet
Wu Jian
Xom
Yredelemnul
Zin
The Shining One
Beogh
Jiyva
Lugonu

Annotations:
D 1 transporter


Innate Abilities, Weirdness & Mutations

You reflexively headbutt those who attack you in melee.
You have a pair of horns on your head.
You tend to lose your temper in combat.
Your spells are a little easier to cast, but a little less powerful.


Message History

The merfolk aquamancer hits you but does no damage.
The water elemental hits you!
Unknown command.
You feel much better.
Visions of slaying the sea snake flood into your mind.
Your lungs strain for air!
You feel very sick.
Your sixfirhy misses the merfolk aquamancer.
You block the merfolk impaler's attack. You block the sea snake's attack.
The sea snake barely misses you.
The alligator snapping turtle bites you from afar!
You block the merfolk javelineer's attack.
The snapping turtle bites you from afar!
* * * LOW HITPOINT WARNING * * *
The merfolk javelineer hits you but does no damage.
You are more poisoned.
The merfolk impaler hits you from afar with a +1 antimagic demon trident!
* * * LOW HITPOINT WARNING * * *
You feel your power leaking away. The water elemental hits you!
You die...

▓.▓.....▓.▓
▓≈...8©8..≈.▓....©....▓
▓.≈))[:}}}..▓▓▓▓▓▓▓▓▓▓▓
▓≈≈.|):)|...▓...8©8...▓
▓...≈.....≈≈▓..))|)...▓
▓..≈..m.....▓...|.}...▓
▓..≈mmt≈t...▓.........▓
▓..§mESSc...▓.........▓
▓≈3@m.▓ ▓.....†...▓
▓▓§≈E▓▓ ▓.........▓
▓≈.▓.≈(≈≈▓≈.▓.▓.....▓.▓
▓≈..≈≈©.....▓....©....▓
▓▓▓▓▓▓▓▓▓▓▓▓▓▓▓▓▓▓▓▓▓▓▓
▓...8©8...▓...8©8...▓..
▓..|:||)).▓..}[[.[..▓."
▓..:}[)}..▓..|=).=..▓..
▓.........▓.........▓..


You could see an alligator snapping turtle, a merfolk impaler, 3 merfolk
javelineers, a satyr (scary), 2 sea snakes, a merfolk aquamancer, a snapping
turtle, 2 water elementals and a friendly sixfirhy (summoned).

Vanquished Creatures
  A naga warrior (D)
  A dancing weapon (D)
  A deep elf mage (D)
  3 ugly things (D)
  3 naga magi (D)
  2 hellions (D)
  An ancient zyme (D)
  A hornet (shapeshifter) (D)
  A flying skull (D)
  A wraith (D)
  A water elemental (D)
  3 neqoxecs (D)
  2 nagas (D)
  A water moccasin (shapeshifter) (D)
  A water moccasin (D)
  A black bear (shapeshifter) (D)
  2 orc warriors (D)
  A phantom (D)
  A necrophage (D)
  A wolf (D)
  2 bullfrogs (D)
  2 earth elementals (D)
  3 wights (D)
  3 crimson imps (D)
  2 iron imps (D)
  A quasit (D)
  4 orc priests (D)
  3 iguanas (D)
  5 orc wizards (D)
  3 adders (D)
  A shadow imp (D)
  3 white imps (D)
  2 ufetubi (D)
  2 orcs (D)
  A bat zombie (D)
  A jackal (D)
  A ball python zombie (D)
  A giant cockroach zombie (D)
  A leopard gecko zombie (D)
  A quokka zombie (D)
71 creatures vanquished.

Vanquished Creatures (collateral kills)
  A neqoxec (D)
  A bat skeleton (D)
  A leopard gecko zombie (D)
3 creatures vanquished.

Vanquished Creatures (others)
  A bat zombie (D)
1 creature vanquished.

Grand Total: 75 creatures vanquished

Notes
Turn   | Place    | Note
-------+----------+-------------------------------------------
     0 | D        | Zeld the Minotaur Berserker began the quest for the Orb.
     0 | D        | Reached XP level 1. HP: 19/19 MP: 0/0
     1 | D        | Banished a spatial maelstrom
     3 | D        | Found a blossoming altar of Fedhas.
     4 | D        | Found the +6 Majin-Bo {vamp, MP+6 Int+6}
     4 | D        | Found the +9 heavy crossbow "Sniper" {vorpal, Acc+∞ SInv}
     4 | D        | Found the +10 dark maul {vorpal}
     4 | D        | Found the +15 Maxwell's patent armour {-Cast -Tele rElec
                  | Will+ rCorr}
     4 | D        | Found the +18 shield of the Gong {rElec rN+ Will+ EV-5}
     4 | D        | Found the cursed +14 obsidian axe {vorpal, +Fly SInv
                  | *Curse}
     4 | D        | Found the +7 great mace "Firestarter" {inner flame, rF++}
     4 | D        | Found the +6 shillelagh "Devastator" {shatter}
     4 | D        | Found the +11 plutonium sword {*Contam Stlth-}
     4 | D        | Found the +8 lance "Wyrmbane" {slay drac, rPois rF+ rC+
                  | AC+3}
     4 | D        | Found the +9 sword of Zonguldrok {reap}
     4 | D        | Found the cursed +13 scythe of Curses {drain, *Curse}
     4 | D        | Found the +5 sword of Power {vorpal}
     4 | D        | Found the +7 mace of Variability {chain chaos}
     4 | D        | Found the +7 Singing Sword {vorpal, sonic wave}
     4 | D        | Found the +8 storm bow {elec, penet}
     5 | D        | Found a viscous altar of Jiyva.
     5 | D        | Found a hazy altar of Hepliaklqana.
     5 | D        | Found a transporter.
     5 | D        | Found an opulent altar of Gozag.
     5 | D        | Found an ancient bone altar of Kikubaaqudgha.
     5 | D        | Found a corrupted altar of Lugonu.
    11 | D        | Found a burning altar of Makhleb.
    12 | D        | Found a sacrificial altar of Ru.
    12 | D        | Found a stormy altar of Qazlal.
    12 | D        | Found a shimmering blue altar of Sif Muna.
    12 | D        | Found an iron altar of Okawaru.
    12 | D        | Found a bloodstained altar of Trog.
    12 | D        | Found a sparkling altar of Nemelex Xobeh.
    61 | D        | Reached XP level 2. HP: 26/26 MP: 1/1
   206 | D        | Entered arena 2.
   206 | D        | Noticed a hornet
   206 | D        | Noticed a brown ugly thing
   206 | D        | Found a transporter.
   211 | D        | Killed a hornet
   212 | D        | Reached XP level 3. HP: 31/31 MP: 2/2
   212 | D        | Reached XP level 4. HP: 39/39 MP: 3/3
   212 | D        | Reached XP level 5. HP: 45/45 MP: 4/4
   214 | D        | Killed a brown ugly thing
   215 | D        | Reached XP level 6. HP: 51/51 MP: 5/5
   215 | D        | Reached XP level 7. HP: 57/57 MP: 6/6
   447 | D        | Entered arena 3.
   447 | D        | Found a transporter.
   449 | D        | Reached ** piety under Trog
   459 | D        | Got the ring "Boruc" {rElec rF+}
   464 | D        | Entered arena 4.
   464 | D        | Found a transporter.
   469 | D        | Reached *** piety under Trog
   518 | D        | Got the amulet of Iditwyuph {rElec Regen+ Str+2 Int+4}
   529 | D        | Entered arena 5.
   529 | D        | Found a transporter.
   533 | D        | Reached **** piety under Trog
   545 | D        | Entered arena 6.
   545 | D        | Noticed a deep elf mage
   545 | D        | Noticed a +4 vorpal flail
   545 | D        | Noticed a water elemental
   545 | D        | Found a transporter.
   549 | D        | Killed a water elemental
   549 | D        | Reached ***** piety under Trog
   549 | D        | Killed a +4 vorpal flail
   550 | D        | Reached XP level 8. HP: 64/64 MP: 7/7
   558 | D        | Killed a deep elf mage
   559 | D        | Reached XP level 9. HP: 45/70 MP: 8/8
   735 | D        | Entered arena 7.
   736 | D        | Found a transporter.
   741 | D        | Received a gift from Trog
   758 | D        | Entered arena 8.
   759 | D        | Found a transporter.
   763 | D        | Reached ****** piety under Trog
   768 | D        | Received a gift from Trog
   782 | D        | Entered arena 9.
   783 | D        | Identified the +7 shortbow "Caig" {freeze, Str+3}
   783 | D        | Found a transporter.
   789 | D        | Received a gift from Trog
  1078 | D        | Entered arena 10.
  1078 | D        | Noticed a white ugly thing
  1078 | D        | Noticed a purple ugly thing
  1079 | D        | Found the +5 scythe "Finisher" {speed, eviscerate}
  1079 | D        | Found a transporter.
  1085 | D        | Gained mutation: Your spells are a little easier to cast,
                  | but a little less powerful. [a neqoxec]
  1086 | D        | Killed a purple ugly thing
  1087 | D        | Reached skill level 15 in Shields
  1089 | D        | Killed a white ugly thing
  1089 | D        | Gained mutation: You tend to lose your temper in combat. [a
                  | neqoxec]
  1090 | D        | Reached XP level 10. HP: 77/77 MP: 9/9
  1232 | D        | Entered arena 11.
  1233 | D        | Found the ring of the Hare {EV+8}
  1233 | D        | Found a transporter.
  1237 | D        | Received a gift from Trog
  1463 | D        | Entered arena 12.
  1463 | D        | Noticed a naga warrior
  1463 | D        | Noticed a naga mage
  1463 | D        | Noticed a naga mage
  1464 | D        | Noticed a naga mage
  1465 | D        | Found a transporter.
  1468 | D        | Received a gift from Trog
  1475 | D        | Killed a naga mage
  1477 | D        | Killed a naga mage
  1478 | D        | Killed a naga warrior
  1480 | D        | Killed a naga mage
  1480 | D        | Received a gift from Trog
  1618 | D        | Entered arena 13.
  1624 | D        | Found a transporter.
  1628 | D        | Received a gift from Trog
  1844 | D        | Entered arena 14.
  1845 | D        | Noticed a satyr
  1845 | D        | Noticed a merfolk aquamancer
  1845 | D        | Noticed a sea snake
  1845 | D        | Noticed a merfolk javelineer
  1845 | D        | Noticed a merfolk javelineer
  1845 | D        | Noticed an alligator snapping turtle
  1846 | D        | Identified the cursed +2 war axe "Masemmuf" {flame, rC++
                  | Int-5}
  1846 | D        | Noticed a merfolk javelineer
  1846 | D        | Noticed a merfolk impaler
  1846 | D        | Noticed a sea snake
  1847 | D        | Found a transporter.
  1852 | D        | Slain by a water elemental

Illustrated notes

Levels and vault maps discovered:
D:        sprint_v [room_start, room_1, room_2, room_3, room_4, room_5, room_6,
          room_7, room_8, room_9, room_10, room_11, room_12, room_13, room_14,
          room_15, room_16, room_17, room_18, room_19, room_20, room_21,
          room_22, room_23, room_24, room_25, room_26, room_27]

Skill      XL: |  1  2  3  4  5  6  7  8  9 10 |
---------------+-------------------------------+-----
Axes           | 9 14 17 20 | 20.0
Shields        | 8 11 17 20 | 20.9
Fighting       | |  3.6
Armour         | |  2.4
Dodging        | |  2.1

Action                   |  1- 3 |  4- 6 |  7- 9 | 10-12 || total
-------------------------+-------+-------+-------+-------++-------
Melee: Broad axe         |     4 |     3 |    57 |    33 ||    97
       Headbutt          |     1 |       |    11 |     5 ||    17
Invok: Berserk           |     1 |       |     2 |     1 ||     4
  Use: Potion            |     1 |       |       |     2 ||     3
       Scroll            |       |       |       |     2 ||     2
Armor: Crystal plate arm |     2 |     1 |    16 |    21 ||    40
Dodge: Dodged            |       |       |     1 |     6 ||     7
Block: Tower shield      |     4 |     1 |    28 |    59 ||    92
